 Dungeon Crawl Stone Soup version 0.22-a0-538-g76cc104 (webtiles) character file.

54 kae the Insei (level 3, 0/26 HPs)
             Began as a Demonspawn Transmuter on June 23, 2018.
             Slain by a jackal (2 damage)
             ... on level 2 of the Dungeon.
             The game lasted 00:01:18 (1207 turns).

kae the Insei (Demonspawn Transmuter)               Turns: 1207, Time: 00:01:19

Health: 0/26       AC:  5    Str: 10    XL:     3   Next: 66%
Magic:  6/6        EV: 10    Int: 14    God:
Gold:   42         SH:  0    Dex: 14    Spells: 3/6 levels left

rFire    . . .     SeeInvis .   e - +0 club
rCold    . . .     Gourm    .   (no shield)
rNeg     . . .     Faith    .   h - +0 ring mail (curse)
rPois    .         Spirit   .   (helmet restricted)
rElec    .         Reflect  .   (no cloak)
rCorr    .         Harm     .   (no gloves)
MR       .....                  (no boots)
Stlth    +.........             (no amulet)
HPRegen  0.08/turn              (no ring)
MPRegen  0.10/turn              (no ring)

@: no status effects
A: antennae 1, demonic guardian 1
a: no special abilities


You were on level 2 of the Dungeon.
You were hungry.

You visited 1 branch of the dungeon, and saw 2 of its levels.

You collected 42 gold pieces.

Inventory:

Hand Weapons
 e - a +0 club (weapon)
Missiles
 a - 12 arrows
Armour
 b - a +0 robe
 h - a cursed +0 ring mail (worn)
Scrolls
 f - a scroll of enchant armour {unknown}
 g - a scroll of remove curse {unknown}
 k - a scroll of teleportation {unknown}
Potions
 i - a potion of cancellation {unknown}
 j - a potion of berserk rage {unknown}
 l - 2 potions of brilliance {unknown}
Comestibles
 d - 7 rations
 m - a chunk of flesh


   Skills:
 + Level 1.5 Fighting
 + Level 0.5 Armour
 - Level 1.7 Dodging
 * Level 3.2 Unarmed Combat
 + Level 2.3 Spellcasting
 * Level 2.5 Transmutations


You had 3 spell levels left.
You knew the following spells:

 Your Spells              Type           Power        Failure   Level  Hunger
a - Beastly Appendage     Tmut           #.....       22%         1    #......
b - Sticks to Snakes      Tmut           #.......     32%         2    ###....

Your spell library contained the following spells:

 Spells                   Type           Power        Failure   Level  Hunger
 Spider Form              Tmut/Pois      #.........   71%         3    ###....
 Blade Hands              Tmut           #.........   99%         5    ######.
 Ice Form                 Ice/Tmut       #.......     98%         4    #####..


Dungeon Overview and Level Annotations

Branches:
Dungeon (2/15)

Altars:


Innate Abilities, Weirdness & Mutations

You have a pair of small antennae on your head.
A weak demonic guardian rushes to your aid.


Message History

The jackal bites you but does no damage.
The jackal barely misses you.
You hit the jackal.
The jackal is heavily wounded.
The jackal bites you but does no damage.
The jackal completely misses you.
You miss the jackal.
The jackal is heavily wounded.
The jackal bites you.
* * * LOW HITPOINT WARNING * * *
The jackal completely misses you.
You hit the jackal.
The jackal is severely wounded.
The jackal barely misses you. The jackal bites you.
* * * LOW HITPOINT WARNING * * *
You barely miss the jackal.
The jackal is severely wounded.
You are feeling hungry.
The jackal bites you.
You die...

.#.#.#.#####..............
...#.#.. #..............
####.#..# #............##
#..............
#............#
#.###.#'###+## #.# #.#.#
##+# #.#.### .#.. #@#...#
..... #h#...#
......#'#...#
#......%....#
#....!....รท.#
..................
##.........#######
##.###.#.... #. #.#.####


You could see a jackal.

Vanquished Creatures
  2 adders (D:2)
  A dart slug (D:1)
  A leopard gecko (D:1)
  5 bats
  2 giant cockroaches (D:1)
  4 goblins
  4 hobgoblins (D:1)
  A jackal (D:2)
  5 kobolds
  3 frilled lizards (D:1)
  2 rats
30 creatures vanquished.

Notes
Turn   | Place    | Note
-------+----------+-------------------------------------------
     0 | D:1      | kae the Demonspawn Transmuter began the quest for the Orb.
     0 | D:1      | Reached XP level 1. HP: 15/15 MP: 3/3
   125 | D:1      | Gained mutation: A weak demonic guardian rushes to your aid. [demonic ancestry]
   125 | D:1      | Reached XP level 2. HP: 3/21 MP: 5/5
   378 | D:1      | Learned a level 2 spell: Sticks to Snakes
   435 | D:1      | Reached skill level 3 in Unarmed Combat
  1039 | D:2      | Gained mutation: You have a pair of small antennae on your head. [demonic ancestry]
  1039 | D:2      | Reached XP level 3. HP: 19/26 MP: 4/6
  1207 | D:2      | Slain by a jackal

Vault maps used:
D:1:      dpeg_arrival_lava_temple_mockup
D:2:      first_ration

Skill      XL: |  1  2 |
---------------+-------+-----
Transmutations | 2 |  2.5
Unarmed Combat | 3 |  3.2
Fighting       | |  1.5
Armour         | |  0.5
Dodging        | |  1.7
Spellcasting   | |  2.3

Action                   || total
-------------------------++-------
Melee: Club              ||   117
       Unarmed           ||     5
       Kick              ||     9
       Punch             ||     1
 Cast: Beastly Appendage ||    12
  Use: Potion            ||     2
  Eat: Chunk             ||     1
Armor: Robe              ||    10
       Ring mail         ||    62
Dodge: Dodged            ||   114

Table legend:
 A = Spawn XP
 B = Non-spawn XP
 C = Spawn XP percentage of total XP
 D = Spawn monster count
 E = Non-spawn monster count
 F = Spawn count percentage of total count
 G = Total turns spent on level
                    A         B        C        D         E        F      G
               +---------+---------+-------+---------+---------+-------+---------
         Total |       0 |      78 |   0.0 |       0 |      30 |   0.0 |  1207
               +---------+---------+-------+---------+---------+-------+---------
           D:1 |       0 |      38 |   0.0 |       0 |      20 |   0.0 |  1022
           D:2 |       0 |      40 |   0.0 |       0 |      10 |   0.0 |   185
               +---------+---------+-------+---------+---------+-------+---------
